 Dungeon Crawl Stone Soup version 0.30-a0-778-g2ef04afb54 (webtiles) character file.

Game seed: 15458689690758635614

16436 cheesebisquit the Geomancer (level 12, -4/72 HPs)
             Began as a Gargoyle Earth Elementalist on Feb 15, 2023.
             Was an Elder of Vehumet.
             Slain by a boulder beetle (11 damage)
             ... on level 11 of the Dungeon on Feb 16, 2023.
             The game lasted 00:50:11 (15277 turns).

cheesebisquit the Geomancer (GrEE)                 Turns: 15277, Time: 00:50:11

Health: -4/72      AC: 23    Str: 15    XL:     12   Next: 37%
Magic:  0/25       EV: 16    Int: 21    God:    Vehumet [****..]
Gold:   829        SH:  5    Dex: 10    Spells: 17/30 levels left

rFire   + . .      SeeInvis .    K - +4 flail (freeze)
rCold   . . .      Faith    .    e - +0 buckler
rNeg    + . .      Spirit   +    m - +3 leather armour of Saeriy {+Inv rF+ rCorr Str+3}
rPois   ∞          Reflect  .    (no helmet)
rElec   +          Harm     .    C - +1 cloak
rCorr   +          Rampage  .    I - +2 pair of gloves
Will    .....                    (no boots)
Stlth   ++                       q - amulet of guardian spirit
HPRegen 0.32/turn                y - +4 ring of protection
MPRegen 0.19/turn                G - +5 ring of evasion

@: no status effects
A: sickness immunity, AC +8, negative energy resistance 1, electricity
resistance, torment resistance 1, petrification resistance
a: Renounce Religion, Evoke Invisibility


You were on level 11 of the Dungeon.
You worshipped Vehumet.
Vehumet was greatly pleased with you.
You visited 1 branch of the dungeon, and saw 11 of its levels.
You also visited: Sewer and Bailey.

You collected 829 gold pieces.

Inventory:

Hand Weapons
 B - a +2 quarterstaff of chaos
 J - a +3 morningstar
 K - a +4 flail of freezing (weapon)
Missiles
 d - 32 poisoned darts
 H - a throwing net
Armour
 a - a +0 robe
 e - a +0 buckler (worn)
 m - the +3 leather armour of Saeriy (worn) {+Inv rF+ rCorr Str+3}
   (You found it on level 2 of the Dungeon)

   Str:       It affects your strength (+3).
   rF:        It protects you from fire.
   +Inv:      It lets you turn invisible.
   rCorr:     It protects you from acid and corrosion.
 C - a +1 cloak (worn)
 I - a +2 pair of gloves (worn)
Jewellery
 q - an amulet of guardian spirit (around neck)
 y - a +4 ring of protection (left hand)
 G - a +5 ring of evasion (right hand)
 R - a ring of protection from cold
Wands
 x - a wand of flame (57)
 L - a wand of light (24)
 N - a wand of roots (7)
 P - a wand of polymorph (3)
Scrolls
 f - 4 scrolls of fog
 g - 6 scrolls of enchant weapon
 h - a scroll of fear
 j - 3 scrolls of amnesia
 l - 3 scrolls of butterflies
 s - a scroll of enchant armour
 t - 2 scrolls of teleportation
 u - 2 scrolls of vulnerability
 O - a scroll of poison {unknown}
 S - a scroll of silence {unknown}
Potions
 b - 2 potions of magic
 c - 2 potions of heal wounds
 i - 2 potions of flight
 k - 8 potions of curing
 n - a potion of cancellation {unknown}
 o - 4 potions of brilliance
 p - 2 potions of ambrosia
 r - 6 potions of lignification
 v - 2 potions of berserk rage
 w - 2 potions of attraction {unknown}
 z - 2 potions of degeneration {unknown}
 A - 3 potions of mutation
 D - 2 potions of invisibility {unknown}
 E - 4 potions of might {unknown}
 M - a potion of resistance {unknown}
 Q - a potion of haste {unknown}


   Skills:
 + Level 7.6 Fighting
 - Level 1.7 Dodging
 - Level 2.4 Stealth
 - Level 6.0 Shields
 + Level 9.8 Spellcasting
 + Level 11.1 Conjurations
 - Level 1.0 Transmutations
 + Level 12.7 Earth Magic


You had 17 spell levels left.
You knew the following spells:

 Your Spells              Type           Power      Damage    Failure   Level
a - Sandblast             Erth           100%       2d20      1%          1
b - Stone Arrow           Conj/Erth      100%       3d13      1%          3
c - Lee's Rapid Deconstr  Erth           29%        3d15*     1%          5
d - Fulminant Prism       Conj/Hex       16%        3d11      3%          4

Your spell library contained the following spells:

 Spells                   Type           Power      Damage    Failure   Level
 Dazzling Flash           Conj/Hex       66%        N/A       1%          3
 Kiss of Death            Conj/Necr      100%       2d13      1%          1
 Passwall                 Tmut/Erth      32%        N/A       1%          2
 Hailstorm                Conj/Ice       33%        3d8       1%          3
 Freeze                   Ice            40%        1d6       3%          1
 Flame Wave               Conj/Fire      33%        2d10      3%          4
 Sticky Flame             Conj/Fire      33%        2d5       3%          4
 Petrify                  Tmut/Erth      39%        N/A       6%          4
 Leda's Liquefaction      Hex/Erth       18%        N/A       8%          4
 Frozen Ramparts          Ice            20%        1d4       9%          3
 Inner Flame              Hex/Fire       10%        N/A       9%          3
 Apportation              Tloc           20%        N/A       11%         1
 Necrotise                Necr           40%        1d6       11%         1
 Summon Small Mammal      Summ           40%        N/A       11%         1
 Confusing Touch          Hex            10%        N/A       30%         3
 Ozocubu's Armour         Ice            10%        N/A       30%         3
 Dispel Undead            Necr           10%        3d9       71%         4
 Metabolic Englaciation   Hex/Ice        5%         N/A       96%         5
 Simulacrum               Ice/Necr       5%         N/A       100%        6
 Statue Form              Tmut/Erth      Unusable   N/A       N/A         6

Dungeon Overview and Level Annotations

Branches:
Dungeon (11/15)            Temple (0/1) D:7            Lair (0/5) D:9
    Orc (0/2) D:9           Sewer (visited)          Bailey (visited)

Altars:
Ashenzari
Cheibriados
Gozag
Okawaru
Sif Muna
Vehumet
Xom
The Shining One

Annotations:
D:10 3 runed translucent doors, barkas's ghost, novice DrRe


Innate Abilities, Weirdness & Mutations

You are immune to sickness and miasma.
Your stone body is resilient. (AC +8)
You are immune to poison.
You resist negative energy. (rN+)
You are resistant to electric shocks. (rElec)
You are resistant to unholy torment.
You are immune to petrification.


Message History

You kill the orc warrior!
Vehumet accepts your kill.
You feel your power returning.
The orc knight shoots a bolt.
The bolt closely misses you.
The stone arrow hits the orc warrior!!
The orc warrior is severely wounded.
The stone arrow misses the orc warrior.
The stone arrow hits the orc knight!
The orc knight is lightly wounded.
The stone arrow hits the orc warrior!
You kill the orc warrior!
Vehumet accepts your kill.
The orc knight shoots a bolt.
The bolt closely misses you.
The stone arrow hits the orc knight!!
The orc knight is moderately wounded.
The orc knight shoots a bolt.
The bolt closely misses you.
The stone arrow hits the orc knight!!
The orc knight is severely wounded.
The stone arrow hits the orc knight!
You kill the orc knight!
Vehumet accepts your kill.
There is an open door here.
The boulder beetle curls into a ball and begins rolling!
There is an open door here.
The boulder beetle hits you!!!
Ouch! That really hurt!
The boulder beetle stops rolling and uncurls.
There is an open door here.
The boulder beetle attacks as you move away!
The boulder beetle misses you.
The boulder beetle curls into a ball and begins rolling!
Blink to where?
Press: ? - help, Dir - move target
As you read the scroll of blinking, it crumbles to dust.
There is an open door here.
The boulder beetle hits you!!!
* * * LOW HITPOINT WARNING * * *
The boulder beetle stops rolling and uncurls.
The boulder beetle attacks as you move away!
The boulder beetle bites you!
You die...

#...................#.
#......###..####....#.
#................<....
#.....................
#.....#############...
#.###.#...........#...
#.# #.#...........#.#.
#.###.#...........#...
#....@##'###..##..#...
#.....B°..##..##..####
#..######.#........##.
#..# #○#........##.
#..# #B#........##.
#..# #°#........##.
#..######°#........##.
#.........#........##.
#........°#........##.


You could see a boulder beetle.

Vanquished Creatures
  3 boulder beetles (D:11)
  An orc knight (D:11)
  A cyclops (D:11)
  An orc sorcerer (D:11)
  A manticore (D:11)
  An unseen horror (D:11)
  3 kobold demonologists (D:11)
  A komodo dragon (D:11)
  A troll (D:11)
  A vampire (D:9)
  A shadow (D:9)
  2 wyverns (D:9)
  23 yaks
  2 basilisks (D:9)
  2 wargs (D:9)
  6 water moccasins
  16 orc warriors
  A sky beast (D:7)
  2 ice beasts
  An ogre (D:6)
  2 black bears
  13 centaurs
  7 kobold brigands
  A bullfrog (D:7)
  A gnoll sergeant (D:9)
  3 necrophages
  3 scorpions
  17 wights
  13 killer bees
  4 howler monkeys
  4 hounds
  3 jellies
  A gnoll bouda (D:6)
  2 orc priests
  Crazy Yiuf (D:4)
  4 iguanas
  3 orc wizards
  11 adders
  12 gnolls
  2 shadow imps
  A white imp (D:3)
  2 ufetubi (D:7)
  6 worms
  A dart slug (D:3)
  41 orcs
  9 ball pythons
  7 endoplasms
  A giant cockroach (D:1)
  8 goblins
  5 hobgoblins
  6 jackals
  3 quokkas
  3 bats
  A goblin skeleton (D:3)
  3 hobgoblin zombies (D:3)
  21 kobolds
  2 kobold skeletons (D:3)
  2 kobold zombies (D:3)
  2 orc skeletons (D:3)
  2 orc zombies (D:3)
  8 rats
311 creatures vanquished.

Vanquished Creatures (others)
  2 bushes (D:9)
  4 fungi (D:9)
  21 plants (D:9)
27 creatures vanquished.

Grand Total: 338 creatures vanquished

Notes
Turn   | Place    | Note
-------+----------+-------------------------------------------
     0 | D:1      | cheesebisquit the Gargoyle Earth Elementalist began the
                  | quest for the Orb.
     0 | D:1      | Reached XP level 1. HP: 10/10 MP: 3/3
   262 | D:1      | Reached skill level 1 in Transmutations
   262 | D:1      | Reached XP level 2. HP: 10/15 MP: 1/5
   423 | D:1      | Reached skill level 4 in Earth Magic
  1033 | D:2      | Reached XP level 3. HP: 19/19 MP: 4/6
  1037 | D:2      | Learned a level 3 spell: Stone Arrow
  1044 | D:2      | Identified the +3 leather armour of Saeriy {+Inv rF+ rCorr
                  | Str+3}
  1161 | D:2      | Reached skill level 1 in Conjurations
  1186 | D:2      | Reached XP level 4. HP: 24/24 MP: 4/8
  2151 | D:3      | Found a glowing golden altar of the Shining One.
  2169 | D:3      | Reached XP level 5. HP: 28/28 MP: 2/9
  2751 | D:4      | Found a runed translucent door.
  2752 | D:4      | Noticed Crazy Yiuf
  2781 | D:4      | Reached skill level 5 in Earth Magic
  3152 | D:4      | Found a shimmering blue altar of Sif Muna.
  3449 | D:4      | Killed Crazy Yiuf
  3450 | D:4      | Reached XP level 6. HP: 32/32 MP: 7/11
  3503 | D:5      | Entered Level 5 of the Dungeon
  3636 | D:5      | Found a glowing drain.
  3652 | Sewer    | Entered a sewer
  3666 | Sewer    | Reached skill level 6 in Earth Magic
  3666 | Sewer    | Reached XP level 7. HP: 31/36 MP: 1/13
  4364 | D:5      | Reached skill level 7 in Earth Magic
  4368 | D:5      | Reached skill level 5 in Spellcasting
  4368 | D:5      | Reached skill level 5 in Conjurations
  4368 | D:5      | Reached XP level 8. HP: 39/41 MP: 4/15
  5535 | D:6      | Found a shimmering altar of Xom.
  5643 | D:6      | Reached skill level 8 in Earth Magic
  5771 | D:6      | Found a broken altar of Ashenzari.
  5917 | D:6      | Reached XP level 9. HP: 45/45 MP: 15/18
  6024 | D:6      | Found a radiant altar of Vehumet.
  6032 | D:6      | Became a worshipper of Vehumet
  6411 | D:6      | Reached skill level 9 in Earth Magic
  6687 | D:7      | Reached * piety under Vehumet
  6687 | D:7      | Offered knowledge of Foxfire by Vehumet.
  6852 | D:7      | Found a staircase to the Ecumenical Temple.
  7015 | D:7      | Found an opulent altar of Gozag.
  7215 | D:7      | Found an iron altar of Okawaru.
  7710 | D:8      | Reached skill level 1 in Fighting
  7710 | D:8      | Reached skill level 1 in Shields
  7714 | D:8      | Identified the +3 scimitar of Coahub {flame, Stlth+}
  7732 | D:8      | Reached skill level 10 in Earth Magic
  7846 | D:8      | Reached XP level 10. HP: 52/52 MP: 17/21
  7952 | D:8      | Found a flagged portal.
  7957 | Bailey   | Entered a bailey
  7972 | Bailey   | Reached ** piety under Vehumet
  8000 | Bailey   | Offered knowledge of Static Discharge by Vehumet.
  9052 | Bailey   | Offered knowledge of Momentum Strike by Vehumet.
  9355 | Bailey   | Learned a level 5 spell: Lee's Rapid Deconstruction
  9622 | D:8      | Reached *** piety under Vehumet
 10268 | D:9      | Reached skill level 11 in Earth Magic
 10469 | D:9      | Reached XP level 11. HP: 62/62 MP: 13/23
 10612 | D:9      | Found a staircase to the Orcish Mines.
 10875 | D:9      | Offered knowledge of Fulminant Prism by Vehumet.
 10881 | D:9      | Learned a level 4 spell: Fulminant Prism
 11034 | D:9      | Reached skill level 5 in Fighting
 11136 | D:9      | Reached skill level 5 in Shields
 11394 | D:9      | Found a staircase to the Lair.
 11859 | D:10     | Entered Level 10 of the Dungeon
 12369 | D:10     | Found a runed translucent gate.
 12370 | D:10     | Found a runed translucent gate.
 12371 | D:10     | Found a runed translucent gate.
 12371 | D:10     | Noticed barkas's ghost (novice DrRe)
 12394 | D:10     | Reached **** piety under Vehumet
 12395 | D:10     | Reached skill level 10 in Conjurations
 12558 | D:10     | Found a snail-covered altar of Cheibriados.
 12686 | D:10     | Offered knowledge of Dazzling Flash by Vehumet.
 13018 | D:11     | Found a shimmering altar of Xom.
 13031 | D:11     | Found a shimmering altar of Xom.
 13033 | D:11     | Found a shimmering altar of Xom.
 13033 | D:11     | Found a shimmering altar of Xom.
 13033 | D:11     | Found a shimmering altar of Xom.
 13033 | D:11     | Found a shimmering altar of Xom.
 13038 | D:11     | Noticed a boulder beetle
 13221 | D:11     | Noticed a boulder beetle
 13230 | D:11     | Killed a boulder beetle
 13340 | D:11     | Noticed a manticore
 13343 | D:11     | Killed a manticore
 13344 | D:11     | Reached skill level 12 in Earth Magic
 13667 | D:11     | Noticed a cyclops
 13701 | D:11     | Killed a cyclops
 13763 | D:11     | Noticed a boulder beetle
 13775 | D:11     | Killed a boulder beetle
 13776 | D:11     | Reached XP level 12. HP: 68/71 MP: 4/25
 14321 | D:11     | Killed a boulder beetle
 14980 | D:11     | Paralysed by an orc sorcerer for 3 turns
 14982 | D:11     | Noticed a boulder beetle
 15277 | D:11     | Slain by a boulder beetle

Illustrated notes

Levels and vault maps discovered:
D:1:      dpeg_arrival_central, layout_basic
D:2:      layout_rooms, nicolae_underground_beach
D:3:      layout_loops_ring, nicolae_tso_besieged_by_evil, serial_glass,
          glass_columns_b, glass_columns_c, glass_columns_c, glass_columns_a,
          glass_columns_a, glass_columns_c
D:4:      layout_loops_ring, lemuel_crystal_altar, minmay_misc_feat_enclosed,
          minmay_crystal_water, uniq_crazy_yiuf_cottage
D:5:      layout_layer_cave, cheibrodos_sewer_entry_bend, hex_medium
D:6:      layout_basic, mainiacjoe_overflow_small_starburst,
          nicolae_ashenzari_panopticon, nicolae_vehumet_radiance
D:7:      layout_layer_cave, okawaru_trees_2,
          nicolae_gozag_cash_rules_everything_around_me, temple_pool_b
D:8:      layout_basic, enter_bailey_3, kennysheep_generic_room_8
D:9:      layout_loops_ring, minmay_lair_entry_grove, david_orc_3,
          grunt_decor_mini_mirrors, uniq_erolcha
D:10:     layout_irregular_city, lemuel_tele_altar, biasface_ghost_orc_armoury
D:11:     layout_stronghold, dreamdust_mushroom_princess, xom_redecorated

Skill      XL: |  1  2  3  4  5  6  7  8  9 10 11 12 |
---------------+-------------------------------------+-----
Transmutations | 1 |  1.0
Earth Magic    | 4 5 6 7 8 10 11 12 | 12.7
Conjurations   | 1 2 3 5 6 8 9 10 11 | 11.1
Spellcasting   | 3 4 5 6 7 8 9 |  9.8
Fighting       | 1 4 6 7 |  7.6
Shields        | 1 4 6 |  6.0
Dodging        | |  1.7
Stealth        | |  2.4

Action                     |  1- 3 |  4- 6 |  7- 9 | 10-12 || total
---------------------------+-------+-------+-------+-------++-------
  Melee: Unarmed           |    23 |       |       |       ||    23
         Club              |    12 |     1 |       |       ||    13
         Punch             |       |     1 |       |       ||     1
         Flail             |       |       |       |    68 ||    68
   Cast: Sandblast         |    37 |   107 |   156 |     5 ||   305
         Stone Arrow       |       |       |     5 |   294 ||   299
    Use: Scroll            |       |     7 |     9 |     5 ||    21
         Potion            |       |       |     1 |     1 ||     2
 Armour: Robe              |     5 |       |       |       ||     5
         Leather armour    |     9 |    20 |    24 |    81 ||   134
  Dodge: Dodged            |    41 |    22 |    56 |   118 ||   237
  Block: Buckler           |       |       |     1 |    41 ||    42

Table legend: (Time is in decaauts)
 A = Elapsed time spent in this place.
 B = Non-inter-level travel time spent in this place.
 C = Inter-level travel time spent in this place.
 D = Time resting spent in this place.
 E = Time spent auto-exploring this place.
 F = Levels seen in this place.
 G = Mean time per level.
                   A        B        C        D        E       F      G
               +--------+--------+--------+--------+--------+-----+--------+
         Total |  15548 |  15278 |    270 |   1443 |  11243 |  13 | 1196.0 |
       Dungeon |  13299 |  13029 |    270 |   1047 |  10024 |  11 | 1209.0 |
         Sewer |    644 |    644 |      0 |     83 |    389 |   1 |  644.0 |
        Bailey |   1605 |   1605 |      0 |    313 |    829 |   1 | 1605.0 |
               +--------+--------+--------+--------+--------+-----+--------+

Top non-repeatable levels by time:
    D:11: 2001 daAuts
     D:9: 1884 daAuts
  Bailey: 1605 daAuts
     D:5: 1499 daAuts
    D:10: 1428 daAuts
     D:6: 1109 daAuts
     D:1: 1014 daAuts
     D:7: 995 daAuts
     D:3: 941 daAuts
     D:4: 927 daAuts
     D:8: 817 daAuts
     D:2: 678 daAuts
   Sewer: 644 daAuts
